 Dungeon Crawl Stone Soup version 0.20-a0-1109-ge3cd172 (webtiles) character file.

1685 nubinia the Zephyrmancer (level 9, 0/49 HPs)
             Began as a Tengu Venom Mage on May 5, 2017.
             Was a Follower of Sif Muna.
             Slain by a scorpion (5 damage)
             ... on level 11 of the Dungeon.
             The game lasted 00:45:49 (7041 turns).

nubinia the Zephyrmancer (Tengu Venom Mage)         Turns: 7041, Time: 00:45:50

Health: 0/49       AC: 11    Str:  8    XL:     9   Next: 2%
Magic:  25/25      EV: 13    Int: 22    God:    Sif Muna [*.....]
Gold:   477        SH:  4    Dex: 16    Spells: 10/16 levels left

rFire    . . .     SeeInvis .   g - +4 quarterstaff (chaos)
rCold    . . .     Gourm    .   (shield currently unavailable)
rNeg     . . .     Faith    .   J - +2 leather armour {rPois}
rPois    +         Spirit   .   (helmet restricted)
rElec    .         Reflect  +   o - +0 cloak
rCorr    .         Harm     .   v - +2 pair of gloves
MR       .....                  (boots unavailable)
Stlth    ++........             B - +4 amulet of reflection
Regen    0.2/turn               m - +2 ring of intelligence
MPRegen  0.2/turn               w - ring of magical power

@: very slightly contaminated, divine energy
A: beak, talons 3, slimy green scales 1, clever 1, able to fly 1
a: Fly, Stop Divine Energy, Renounce Religion


You were on level 11 of the Dungeon.
You worshipped Sif Muna.
Sif Muna was aware of your devotion.
You were not hungry.

You visited 2 branches of the dungeon, and saw 11 of its levels.

You collected 582 gold pieces.
You spent 105 gold pieces at shops.

Inventory:

Hand Weapons
 f - a +1 hand axe
 g - a +4 quarterstaff of chaos (weapon)
 M - a +0 blowgun
Missiles
 N - 7 poisoned needles
Armour
 a - a +0 robe
 o - a +0 cloak (worn)
 v - a +2 pair of gloves (worn)
 y - a +2 leather armour of positive energy
 D - a +2 buckler
 J - a +2 leather armour of poison resistance (worn)
 K - the +10 plate armour of Cashryhyh {rPois rF++ Dex-5}
   (You acquired it on level 7 of the Dungeon)

   It affects your dexterity (-5).
   It greatly protects you from fire.
   It protects you from poison.
Jewellery
 m - a +2 ring of intelligence (left hand)
 w - a ring of magical power (right hand)
 B - a +4 amulet of reflection (around neck)
 Q - an uncursed ring of protection from cold
Wands
 z - a wand of disintegration (17/24)
 F - a wand of acid (6/15)
 O - a wand of random effects (23/48)
 P - a wand of lightning (7/15)
Scrolls
 e - 11 scrolls of remove curse
 h - 2 scrolls of magic mapping
 i - a scroll of identify
 j - a scroll of enchant weapon
 l - 2 scrolls of teleportation
 n - 4 scrolls of recharging
 s - a scroll of blinking
 A - a scroll of fog
 E - a scroll of fear
Potions
 d - 4 potions of curing
 k - 3 potions of might
 p - 2 potions of flight
 q - 2 potions of invisibility
 t - a potion of mutation
 u - a potion of haste
 x - 2 potions of magic
 C - a potion of berserk rage
 H - 2 potions of heal wounds
 I - a potion of agility
Books
 b - a Young Poisoner's Handbook

   Spells                             Type                      Level
   a - Sting                          Conjuration/Poison           1
   b - Poisonous Vapours              Poison/Air                   2
   c - Mephitic Cloud                 Conjuration/Poison/Air       3
   d - Olgreb's Toxic Radiance        Poison                       4
   e - Venom Bolt                     Conjuration/Poison           5
Comestibles
 c - 4 bread rations
 r - 12 fruits
 L - 2 meat rations


   Skills:
 + Level 2.4 Fighting
 + Level 2.2 Axes
 + Level 2.5 Armour
 + Level 3.2 Dodging
 + Level 3.4 Stealth
 + Level 4.0 Spellcasting
 * Level 5.3 Conjurations
 * Level 8.4 Air Magic
 - Level 5.0 Poison Magic


You had 10 spell levels left.
You knew the following spells:

 Your Spells              Type           Power        Failure   Level  Hunger
a - Sting                 Conj/Pois      ####         1%          1    None
b - Poisonous Vapours     Pois/Air       ####..       1%          2    #......
c - Mephitic Cloud        Conj/Pois/Air  ####....     3%          3    ###....


Dungeon Overview and Level Annotations

Branches:
Dungeon (12/15)            Temple (1/1) D:5
   Lair: D:8-11         Orc: D:9-12

Altars:
Cheibriados
Elyvilon
Fedhas
Gozag
Hepliaklqana
Makhleb
Okawaru
Qazlal
Sif Muna
Trog
Zin
The Shining One

Shops:
D:4 ?   D:5 ?

Annotations:
D:12 Psyche


Innate Abilities, Weirdness & Mutations

You have a beak for a mouth.
You have claws for feet.
You can fly.
You are partially covered in slimy green scales. (AC +2)
Your mind is acute. (Int +2)


Message History

* * * LOW HITPOINT WARNING * * *
The vampire points at you and mumbles some strange words.
You are confused.
There is an escape hatch in the ceiling here.
You feel better.
The scorpion stings you but does no damage.
The shadow imp hits you but does no damage.
The vampire hits you!
* * * LOW HITPOINT WARNING * * *
The vampire barely misses you.
The scorpion stings you but does no damage.
A mysterious force pulls you upwards. The hatch slams shut behind you.
A hippogriff comes into view.
Found three items.
A two-headed ogre comes into view.
It is wielding a giant spiked club and a giant club.
Okay, then.
The vampire closely misses you.
The vampire bites you but does no damage.
The scorpion stings you.
You die...

######## ....
#.O....#....#
......#.... .
......... ...
....#.#
....###.....##
.............#..
.......5@/......
.......Vs#......
..#.?...........
#.............
###...........
.(..
###.....H...####
....
#..?...........
..# #........
..... ..#
......#..


You could see a two-headed ogre (wandering), a hippogriff (wandering), a
vampire, a scorpion and a shadow imp.

Vanquished Creatures
  A hungry ghost (D:7)
  A sky beast (D:6)
  An ogre (D:7)
  An orc warrior (D:8)
  5 centaurs
  A scorpion (D:7)
  2 killer bees (D:12)
  A wight (D:6)
  A hound (D:6)
  3 orc priests
  Crazy Yiuf (D:4)
  A bullfrog skeleton (D:5)
  Natasha (thrice) (D:2)
  An iguana (D:7)
  4 orc wizards
  3 worker ants
  A hound zombie (D:7)
  A hound skeleton (D:6)
  8 adders
  2 gnolls (D:5)
  A shadow imp (D:5)
  An ooze (shapeshifter) (D:5)
  An ooze (D:5)
  An adder zombie (D:6)
  4 worms
  2 dart slugs (D:3)
  3 leopard geckos
  14 orcs
  5 giant cockroaches
  8 goblins
  7 hobgoblins
  8 jackals
  10 kobolds
  3 quokkas
  2 ball pythons (D:3)
  6 bats
  7 frilled lizards
  A quokka skeleton (D:5)
  8 rats
  A butterfly (D:5)
  2 fungi (D:6)
  A plant (D:2)
138 creatures vanquished.

Vanquished Creatures (others)
  6 fungi (D:6)
6 creatures vanquished.

Grand Total: 144 creatures vanquished

Notes
Turn   | Place    | Note
-------+----------+-------------------------------------------
     0 | D:1      | nubinia the Tengu Venom Mage began the quest for the Orb.
     0 | D:1      | Reached XP level 1. HP: 10/10 MP: 4/4
   397 | D:1      | Reached XP level 2. HP: 15/15 MP: 3/6
   731 | D:1      | Learned a level 2 spell: Poisonous Vapours
  1304 | D:1      | Reached XP level 3. HP: 19/19 MP: 4/7
  1479 | D:2      | Learned a level 3 spell: Mephitic Cloud
  1601 | D:2      | Reached skill level 1 in Air Magic
  1973 | D:2      | Noticed Natasha
  1978 | D:2      | Reached skill level 2 in Air Magic
  1978 | D:2      | Reached XP level 4. HP: 24/24 MP: 4/8
  1987 | D:2      | Killed Natasha
  1987 | D:2      | Reached skill level 3 in Air Magic
  2076 | D:2      | Noticed Natasha
  2079 | D:2      | Killed Natasha
  2320 | D:2      | Noticed Natasha
  2323 | D:2      | Killed Natasha
  2323 | D:2      | Reached skill level 4 in Air Magic
  2323 | D:2      | Gained mutation: You can fly. [Tengu growth]
  2323 | D:2      | Reached XP level 5. HP: 28/28 MP: 4/9
  2874 | D:3      | Reached skill level 5 in Air Magic
  3178 | D:3      | Gained mutation: You are partially covered in slimy green scales. (AC +2) [potion of mutation]
  3178 | D:3      | Gained mutation: Your mind is acute. (Int +2) [potion of mutation]
  3560 | D:4      | Found Ytal's Magic Scroll Shop.
  3581 | D:4      | Bought a scroll of blinking for 105 gold pieces
  3651 | D:4      | Reached skill level 1 in Axes
  3651 | D:4      | Reached XP level 6. HP: 33/33 MP: 5/10
  3783 | D:5      | Entered Level 5 of the Dungeon
  4169 | D:4      | Reached skill level 1 in Fighting
  4169 | D:4      | Reached skill level 1 in Armour
  4271 | D:4      | Found an iron altar of Okawaru.
  4398 | D:4      | Found a runed door.
  4402 | D:4      | Noticed Crazy Yiuf
  4411 | D:4      | Killed Crazy Yiuf
  4643 | D:5      | Reached XP level 7. HP: 38/38 MP: 11/11
  4765 | D:5      | Found Ihuciowk's Magic Scroll Boutique.
  5112 | D:5      | Found a staircase to the Ecumenical Temple.
  5124 | Temple   | Entered the Ecumenical Temple
  5154 | Temple   | Became a worshipper of Sif Muna the Loreminder
  5542 | D:6      | Reached skill level 6 in Air Magic
  5810 | D:6      | Reached XP level 8. HP: 42/44 MP: 10/12
  5820 | D:6      | Reached skill level 5 in Poison Magic
  5917 | D:6      | Reached skill level 7 in Air Magic
  6111 | D:7      | Found an iron altar of Okawaru.
  6261 | D:7      | Reached * piety under Sif Muna
  6424 | D:7      | Reached skill level 8 in Air Magic
  6438 | D:7      | Identified a scroll of acquirement
  6439 | D:7      | Got a bronze plate armour
  6450 | D:7      | Identified the +10 plate armour of Cashryhyh {rPois rF++ Dex-5} (You acquired it on level 7 of the Dungeon)
  6765 | D:8      | Reached skill level 5 in Conjurations
  6956 | D:8      | You fall through a shaft for 3 floors!
  6956 | D:11     | Noticed a manticore
  6964 | D:11     | Noticed a troll
  6967 | D:12     | Noticed a meliai
  6981 | D:12     | Noticed a troll
  6984 | D:12     | Reached XP level 9. HP: 34/49 MP: 16/16
  7035 | D:12     | Noticed Psyche
  7041 | D:11     | Noticed a two-headed ogre
  7041 | D:11     | Slain by a scorpion

Vault maps used:
D:1:      dpeg_arrival_shelter, minmay_misc_feat_cross
D:2:      serial_bayou_pond_e, uniq_natasha
D:4:      first_bread, serial_shops, shop, okawaru_trees_2,
          uniq_crazy_yiuf_cottage
D:5:      minmay_temple_entry_butterflies, serial_shops, kennysheep_mini,
          grunt_ministairs_10
D:6:      minmay_gold_behind_fungi
D:7:      basic_altar
D:8:      kennysheep_spiral_hall, hangedman_pestilent_swarm,
          kennysheep_small_square
D:11:     xom_shifter_show
D:12:     serial_shops, nicolae_shop_behind_doors, special_room, st_stairs_14,
          uniq_psyche
Temple:   regret_index_temple_sigil_plot

Skill      XL: |  1  2  3  4  5  6  7  8 |
---------------+-------------------------+-----
Air Magic      | 2 4 5 6 8 |  8.4
Axes           | 1 2 |  2.2
Poison Magic   | 4 5 |  5.0
Conjurations   | 2 3 5 |  5.3
Fighting       | 1 2 |  2.4
Armour         | 1 2 |  2.5
Dodging        | 3 |  3.2
Stealth        | 3 |  3.4
Spellcasting   | 4 |  4.0

Action                   |  1- 3 |  4- 6 |  7- 9 || total
-------------------------+-------+-------+-------++-------
Melee: Hand axe          |    79 |   102 |       ||   181
       Kick              |    31 |    25 |    27 ||    83
       Peck              |    20 |    11 |    16 ||    47
       Quarterstaff      |       |     6 |   114 ||   120
 Cast: Sting             |    43 |    39 |    20 ||   102
       Poisonous Vapours |    14 |    33 |    30 ||    77
       Mephitic Cloud    |     1 |     8 |     6 ||    15
Invok: Divine Energy     |       |       |     1 ||     1
 Abil: Fly               |       |    13 |     9 ||    22
Evoke: Wand              |       |       |     1 ||     1
  Use: Scroll            |     4 |    10 |    11 ||    25
       Potion            |     1 |     2 |     2 ||     5
 Stab: Sleeping          |     1 |     3 |     3 ||     7
       Invisible         |       |     1 |       ||     1
       Petrified         |       |       |     3 ||     3
       Confused          |       |       |     1 ||     1
  Eat: Chunk             |     5 |     8 |     4 ||    17
       Meat ration       |       |     1 |     2 ||     3
Armor: Robe              |     4 |     6 |       ||    10
       Leather armour    |       |    40 |    52 ||    92
Dodge: Dodged            |    16 |    99 |    67 ||   182
Block: Other             |       |     8 |    22 ||    30
       Reflection        |       |       |     2 ||     2
